 Dungeon Crawl Stone Soup version 0.22.0 (webtiles) character file.

292 teukkam the Skirmisher (level 6, -6/56 HPs)
             Began as a Minotaur Berserker on Aug 9, 2018.
             Was a Believer of Trog.
             Mangled by a centaur (7 damage)
             ... on level 6 of the Dungeon on Aug 10, 2018.
             The game lasted 00:09:03 (2598 turns).

teukkam the Skirmisher (Minotaur Berserker)         Turns: 2598, Time: 00:09:04

Health: -6/56      AC:  6    Str: 21 (24) XL:     6   Next: 10%
Magic:  5/5        EV: 11    Int: 12 (14) God:    Trog [**....]
Gold:   76         SH:  0    Dex:  4 (7)  Spells: 5/5 levels left

rFire    . . .     SeeInvis .   a - +0 war axe
rCold    . . .     Gourm    .   (no shield)
rNeg     . . .     Faith    .   t - +1 ring mail
rPois    .         Spirit   .   (helmet unavailable)
rElec    .         Reflect  .   (no cloak)
rCorr    .         Harm     .   (no gloves)
MR       .....                  (no boots)
Stlth    +.........             (no amulet)
HPRegen  0.18/turn              k - +5 ring of intelligence
MPRegen  0.09/turn              (no ring)

@: brilliant, berserk cooldown, slowed, very slow
A: retaliatory headbutt, horns 3, camouflage 1, clumsy 1, screaming 1
a: Berserk, Trog's Hand, Renounce Religion


You were on level 6 of the Dungeon.
You worshipped Trog.
Trog was pleased with you.
You were completely stuffed.

You visited 1 branch of the dungeon, and saw 4 of its levels.

You collected 76 gold pieces.

Inventory:

Hand Weapons
 a - a +0 war axe (weapon)
 s - a +0 hand axe
Missiles
 d - 25 poisoned needles
Armour
 t - a +1 ring mail (worn)
Jewellery
 k - a +5 ring of intelligence (left hand)
 m - an uncursed amulet of the gourmand
Scrolls
 b - 3 scrolls of identify {unknown}
 c - a scroll of teleportation {unknown}
 h - a scroll of enchant weapon {unknown}
 j - 3 scrolls of remove curse
 q - a scroll of amnesia {unknown}
Potions
 g - 5 potions of curing
Comestibles
 o - 3 rations
 p - a chunk of flesh


   Skills:
 + Level 5.2 Fighting
 + Level 5.2 Axes
 + Level 4.3 Armour
 + Level 3.9 Dodging


You had 5 spell levels left.
You didn't know any spells.
Your spell library was empty.

Dungeon Overview and Level Annotations

Branches:
Dungeon (3/15)

Altars:
Kikubaaqudgha


Innate Abilities, Weirdness & Mutations

You reflexively headbutt those who attack you in melee.
You have a pair of large horns on your head.
Your skin changes colour to match your surroundings (Stealth+).
You are clumsy. (Dex -2)
You occasionally shout uncontrollably at your foes.


Message History

You are exhausted.
You feel yourself slow down.
A hound comes into view.
The phantom blinks!
The centaur shoots an arrow.
The arrow barely misses you.
The hound barks!
Found a pink potion.
The centaur shoots an arrow.
The arrow hits you.
* * * LOW HITPOINT WARNING * * *
The centaur shoots an arrow.
The arrow barely misses you.
You see here an arrow.
The centaur unwields an uncursed shortbow.
The centaur barely misses you. The hound bites you but does no damage.
The centaur closely misses you.
You closely miss the centaur. Your headbutt misses the centaur.
You barely miss the hound.
The centaur hits you but does no damage.
The hound bites you.
* * * LOW HITPOINT WARNING * * *
The centaur hits you!
You die...

..... ...o ..... #..
.$..##.## .##......# .
.........# .. .......o.#
#########!.. .......)(#
#...........
....###ยง#####....h......
.### #..[(....(@c......
############...... .....
#.## #


You could see a centaur and a hound.

Vanquished Creatures
  An orc warrior (D:6)
  Jessica (D:3)
  2 worker ants (D:2)
  3 adders
  4 worms (D:2)
  A dart slug (D:1)
  4 leopard geckos
  8 orcs
  3 bats
  4 giant cockroaches
  4 goblins
  7 hobgoblins
  13 jackals
  10 kobolds
  A quokka (D:2)
  2 frilled lizards (D:1)
  6 rats
74 creatures vanquished.

Notes
Turn   | Place    | Note
-------+----------+-------------------------------------------
     0 | D:1      | teukkam the Minotaur Berserker began the quest for the Orb.
     0 | D:1      | Reached XP level 1. HP: 19/19 MP: 0/0
    45 | D:1      | Reached XP level 2. HP: 18/27 MP: 1/1
   281 | D:1      | Reached XP level 3. HP: 24/33 MP: 2/2
   425 | D:1      | Reached ** piety under Trog
   916 | D:1      | Upgraded the game from 0.22-b1-59-g0aedee7 to 0.22.0
  1239 | D:2      | Found an ancient bone altar of Kikubaaqudgha.
  1359 | D:2      | Reached XP level 4. HP: 41/41 MP: 3/3
  2146 | D:3      | Reached XP level 5. HP: 45/47 MP: 4/4
  2159 | D:3      | Noticed Jessica
  2165 | D:3      | Killed Jessica
  2565 | D:3      | You fall through a shaft for 3 floors!
  2565 | D:6      | Noticed an orc warrior
  2566 | D:6      | Noticed a phantom
  2580 | D:6      | Gained mutation: You occasionally shout uncontrollably at your foes. [potion of mutation]
  2580 | D:6      | Gained mutation: You are clumsy. (Dex -2) [potion of mutation]
  2580 | D:6      | Gained mutation: You have a pair of large horns on your head. [potion of mutation]
  2580 | D:6      | Gained mutation: Your skin changes colour to match your surroundings (Stealth+). [potion of mutation]
  2584 | D:6      | Killed an orc warrior
  2584 | D:6      | Reached skill level 5 in Fighting
  2584 | D:6      | Reached skill level 5 in Axes
  2584 | D:6      | Reached XP level 6. HP: 8/56 MP: 5/5
  2598 | D:6      | HP: 1/56 [hound (4)]
  2598 | D:6      | Mangled by a centaur

Skill      XL: |  1  2  3  4  5 |
---------------+----------------+-----
Fighting       | 4 5 |  5.2
Axes           | 4 5 |  5.2
Armour         | 3 4 |  4.3
Dodging        | 3 |  3.9

Action                   |  1- 3 |  4- 6 || total
-------------------------+-------+-------++-------
Melee: Hand axe          |    91 |    61 ||   152
       Headbutt          |    14 |    14 ||    28
       War axe           |       |    29 ||    29
  Use: Potion            |       |     5 ||     5
       Scroll            |       |     2 ||     2
  Eat: Chunk             |     9 |     4 ||    13
       Ration            |     1 |       ||     1
Armor: Animal skin       |     3 |       ||     3
       Leather armour    |    17 |     5 ||    22
       Ring mail         |       |     6 ||     6
Dodge: Dodged            |    52 |    60 ||   112
